 Dungeon Crawl Stone Soup version 0.30-a0-1160-g6e42c06551 (webtiles) character file.

Game seed: 2879095187179752785

26736 LobsterGuardian the Fencer (level 13, -8/102 HPs)
             Began as a Demonspawn Monk on Apr 26, 2023.
             Was a High Priest of Nemelex Xobeh.
             Mangled by an ettin (21 damage)
             ... on level 2 of the Lair of Beasts.
             The game lasted 00:40:56 (13860 turns).

LobsterGuardian the Fencer (Demonspawn Monk)       Turns: 13860, Time: 00:40:57

Health: -8/102     AC: 17    Str: 12    XL:     13   Next: 0%
Magic:  20/20      EV: 16    Int: 10    God:    Nemelex Xobeh [*****.]
Gold:   1129       SH: 12    Dex: 22    Spells: 12/12 levels left

rFire   . . .        m - +2 double sword (heavy)
rCold   . . .        Q - +4 kite shield of Complete Protection {Will+ rCorr}
rNeg    . . .        B - +1 robe of the Grape {Harm Regen+ Dex+2}
rPois   .            k - +2 hat
rElec   .            i - +1 cloak
rCorr   +            n - +0 pair of gloves
SInv    +            (no boots)
Will    +....        (no amulet)
Stlth   ++           l - ring of see invisible
HPRegen 1.17/turn    s - ring of resist corrosion
MPRegen 0.17/turn

%: harm (+30% outgoing, +20% incoming)
@: sanguine armoured, studying Shields
A: horns 2, spiny 2, sanguine armour 2, demonic magic 1, dopey 1
a: Renounce Religion, Draw Escape, Draw Destruction, Draw Summoning, Triple
Draw, Deal Four, Stack Five


You were on level 2 of the Lair of Beasts.
You worshipped Nemelex Xobeh.
Nemelex Xobeh was extremely pleased with you.
You visited 3 branches of the dungeon, and saw 16 of its levels.
You also visited: Sewer and Bailey.

You collected 1129 gold pieces.

Inventory:

Hand Weapons
 m - a +2 heavy double sword (weapon)
Missiles
 z - a throwing net (quivered)
Armour
 d - an orb of light
 i - a +1 cloak (worn)
 k - a +2 hat (worn)
 n - a +0 pair of gloves (worn)
 B - the +1 robe of the Grape (worn) {Harm Regen+ Dex+2}
   (You found it on level 6 of the Dungeon)

   Dex:       It affects your dexterity (+2).
   Regen:     It increases your rate of health regeneration.
   Harm:      It increases damage dealt and taken.
 Q - the +4 kite shield of Complete Protection (worn) {Will+ rCorr}
   (You found it on level 2 of the Lair of Beasts)

   rCorr:     It protects you from acid and corrosion.
   Will:      It increases your willpower.
Jewellery
 a - a ring of protection from cold
 l - a ring of see invisible (left hand)
 s - a ring of resist corrosion (right hand)
 F - a ring of poison resistance
 H - a ring of magical power
 I - a ring of protection from cold
Wands
 G - a wand of iceblast (4)
 J - a wand of acid (2)
 K - a wand of digging (5)
 M - a wand of flame (16)
 O - a wand of polymorph (5)
Scrolls
 b - a scroll of enchant weapon {unknown}
 g - 5 scrolls of fog
 h - 3 scrolls of enchant armour
 p - a scroll of blinking
 u - 3 scrolls of fear
 v - 2 scrolls of magic mapping
 x - a scroll of silence
 y - 3 scrolls of poison
 L - 2 scrolls of butterflies
 N - 3 scrolls of teleportation
Potions
 c - 2 potions of ambrosia
 e - 2 potions of invisibility
 f - 4 potions of brilliance
 j - a potion of flight
 q - 5 potions of curing
 r - a potion of cancellation
 t - a potion of haste
 w - 2 potions of might
 A - 2 potions of resistance
 C - a potion of lignification
 D - a potion of attraction
 E - 2 potions of berserk rage
 P - 2 potions of magic


   Skills:
 + Level 9.7 Fighting
 + Level 15.1 Long Blades
 + Level 1.4 Armour
 * Level 8.9 Dodging
 * Level 10.0 Invocations


You had 12 spell levels left.
You didn't know any spells.
Your spell library contained the following spells:

 Spells                   Type           Power      Damage    Failure   Level
 Apportation              Tloc           0%         N/A       86%         1
 Necrotise                Necr           0%         1d4       86%         1
 Shock                    Conj/Air       0%         1d3       86%         1
 Sting                    Tmut/Pois      0%         1d3       86%         1
 Summon Small Mammal      Summ           0%         N/A       86%         1
 Poisonous Vapours        Pois/Air       0%         N/A       95%         2
 Hailstorm                Conj/Ice       0%         3d3       99%         3
 Stone Arrow              Conj/Erth      0%         3d7       99%         3
 Swiftness                Air            0%         N/A       99%         3
 Vhi's Electric Charge    Tloc/Air       0%         N/A       99%         3
 Airstrike                Air            0%         2d(0-16)  100%        4
 Animate Armour           Summ/Erth      0%         N/A       100%        4
 Ice Form                 Ice/Tmut       0%         N/A       100%        4
 Olgreb's Toxic Radiance  Pois           0%         N/A       100%        4
 Arcjolt                  Conj/Air       0%         1d10      100%        5
 Simulacrum               Ice/Necr       0%         N/A       100%        6
 Lehudib's Crystal Spear  Conj/Erth      0%         10d2      100%        8
 Maxwell's Capacitive Co  Air            0%         ∞         100%        8


Dungeon Overview and Level Annotations

Branches:
Dungeon (13/15)            Temple (1/1) D:4            Lair (2/5) D:9
  Snake (0/4) Lair:2          Orc (0/2) D:11          Sewer (visited)
 Bailey (visited)
  Swamp: Lair:2-3    Shoals: Lair:2-3    Vaults: D:13-14

Altars:
Ashenzari
Cheibriados
Dithmenos
Fedhas
Gozag
Hepliaklqana
Kikubaaqudgha
Makhleb
Nemelex Xobeh
Okawaru
Qazlal
Ru
Sif Muna
Trog
Uskayaw
Vehumet
Wu Jian
Xom
Yredelemnul

Shops:
D:8 *   D:9 !

Annotations:
D:6 3 runed translucent doors, exclusion: statue, avis's ghost, novice DgTm
D:7 1 runed translucent door, pokeman's ghost, novice DEHW


Innate Abilities, Weirdness & Mutations

You have a pair of horns on your head.
You are mostly covered in sharp spines.
When seriously injured, your blood forms thick armour. (AC +9)
Spells you cast may paralyse adjacent enemies.
You are dopey. (Int -2)


Message History

Unknown command.
You draw a card...
You have drawn the Tomb.
Walls emerge from the floor!
The cane toad gives a loud, deep croak!
A swamp worm comes into view.
The eight-headed hydra closely misses you.
You block the eight-headed hydra's attack.
The eight-headed hydra bites you!
The eight-headed hydra barely misses you.
The eight-headed hydra bites you but does no damage.
You block the eight-headed hydra's attack. x2
The eight-headed hydra barely misses you.
You feel much better.
A four-headed hydra comes into view.
You block the eight-headed hydra's attack.
The eight-headed hydra bites you. The eight-headed hydra bites you!
You block the eight-headed hydra's attack.
The eight-headed hydra closely misses you.
The eight-headed hydra bites you!
* * * LOW HITPOINT WARNING * * *
You block the eight-headed hydra's attack.
The eight-headed hydra closely misses you.
Unknown command.
You draw a card...
You have drawn Degeneration.
The eight-headed hydra evaporates and reforms as an ettin!
The ettin twists and deforms.
The swamp worm evaporates and reforms as a dream sheep!
The dream sheep twists and deforms.
The cane toad evaporates and reforms as a meliai!
The meliai twists and deforms.
The swamp worm evaporates and reforms as a snapping turtle!
The snapping turtle twists and deforms.
The four-headed hydra evaporates and reforms as a great orb of eyes!
The great orb of eyes twists and deforms.
The great orb of eyes turns its gaze towards you.
The meliai calls down the wrath of its god upon you.
Something smites you!
* * * LOW HITPOINT WARNING * * *
The ettin closely misses you. The ettin hits you!!
You die...
Your body glows slightly and disappears. #....#♣ #.....♣ #..♣♣♣♣♣ ♣♣♣ ##.♣≈≈≈♣♣ ♣♣..~ #.♣≈≈≈≈♣ §tG

##.♣~~~≈♣§§§
#..♣~≈~~♣y♣
##.♣~~##CY♣
#.♣~≈#@#.♣
#...~###♣♣
##...≈♣.♣♣
#.#♣.♣♣♣♣
###♣♣♣


You could see a great orb of eyes (misshapen), an ettin (misshapen), a snapping
turtle (misshapen), a meliai (misshapen) and a dream sheep (misshapen).

Vanquished Creatures
  2 hydras (Lair:2)
  4 two-headed ogres
  A boulder beetle (D:11)
  A skyshark (Lair:2)
  A deep elf pyromancer (D:12)
  2 orc knights (D:11)
  An ugly thing (D:12)
  3 cyclopes
  A manticore (D:12)
  2 gargoyles (D:11)
  3 cane toads
  3 komodo dragons (Lair:2)
  2 unseen horrors (D:11)
  Grinder (D:4)
  A hornet (D:12)
  Sigmund (D:3)
  6 slime creatures (D:12)
  2 shadows (D:10)
  Eustachio (D:4)
  2 vampires
  2 wyverns
  33 yaks
  7 vampire mosquitoes
  2 steam dragons
  4 nagas (Lair:2)
  A swamp worm (Lair:2)
  2 acid dragons
  2 water moccasins
  2 ice beasts
  8 orc warriors
  A sky beast (D:6)
  3 wolves (Lair:1)
  2 ogres
  2 centaurs
  A phantom (D:4)
  14 kobold brigands
  8 bullfrogs
  5 necrophages (Lair:2)
  3 scorpions
  36 killer bees
  7 howler monkeys
  2 centaur zombies (D:6)
  2 hounds
  5 orc priests
  7 orc wizards
  2 iguanas
  A mummy (D:10)
  A gnoll (D:1)
  8 adders
  4 river rats
  3 white imps
  An ufetubus (D:7)
  5 worms
  2 dart slugs
  46 orcs
  10 endoplasms
  4 giant cockroaches
  6 goblins
  7 hobgoblins
  11 jackals
  40 kobolds
  4 quokkas
  15 ball pythons
  7 bats
  2 frilled lizards
  7 rats
  A spectral kobold (D:10)
388 creatures vanquished.

Vanquished Creatures (collateral kills)
  2 yaks (D:10)
  A vampire mosquito (D:11)
  2 orc warriors
  A necrophage (Lair:2)
  An orc priest (D:11)
  3 orcs (D:11)
10 creatures vanquished.

Vanquished Creatures (others)
  6 fungi
  6 plants
12 creatures vanquished.

Grand Total: 410 creatures vanquished

Notes
Turn   | Place    | Note
-------+----------+-------------------------------------------
     0 | D:1      | LobsterGuardian the Demonspawn Monk began the quest for the
                  | Orb.
     0 | D:1      | Reached XP level 1. HP: 18/18 MP: 1/1
    35 | D:1      | Reached skill level 3 in Long Blades
   120 | D:1      | Gained mutation: You have a pair of small horns on your
                  | head. [demonic ancestry]
   120 | D:1      | Reached XP level 2. HP: 17/24 MP: 2/2
   376 | D:1      | Gained mutation: When seriously injured, your blood forms
                  | armour. (AC +9) [demonic ancestry]
   376 | D:1      | Reached XP level 3. HP: 25/29 MP: 3/3
   539 | D:1      | Reached skill level 4 in Long Blades
  1281 | D:2      | Found a faded altar of an unknown god.
  1364 | D:2      | Reached XP level 4. HP: 35/35 MP: 4/4
  1712 | D:3      | Found a shadowy altar of Dithmenos.
  1752 | D:3      | Noticed Sigmund
  1757 | D:3      | Killed Sigmund
  1758 | D:3      | Reached skill level 5 in Long Blades
  1758 | D:3      | Reached XP level 5. HP: 41/41 MP: 5/5
  1773 | D:3      | Reached skill level 6 in Long Blades
  1856 | D:3      | Gained mutation: You are partially covered in sharp spines.
                  | [demonic ancestry]
  1856 | D:3      | Reached XP level 6. HP: 45/47 MP: 6/6
  2096 | D:3      | Found a hide-covered altar of Uskayaw.
  2517 | D:4      | Found a staircase to the Ecumenical Temple.
  2519 | D:4      | Noticed Grinder
  2526 | Temple   | Entered the Ecumenical Temple
  2678 | D:4      | Paralysed by Grinder for 4 turns
  2683 | D:4      | Killed Grinder
  2780 | D:4      | Found a blossoming altar of Fedhas.
  2826 | D:4      | Reached skill level 7 in Long Blades
  2826 | D:4      | Gained mutation: You are mostly covered in sharp spines.
                  | [demonic ancestry]
  2826 | D:4      | Reached XP level 7. HP: 35/53 MP: 7/7
  2903 | D:4      | Noticed Eustachio
  2912 | D:4      | Killed Eustachio
  3109 | D:4      | Found a glowing drain.
  3116 | Sewer    | Entered a sewer
  3267 | Sewer    | Reached skill level 8 in Long Blades
  3694 | Sewer    | Gained mutation: Spells you cast may paralyse adjacent
                  | enemies. [demonic ancestry]
  3694 | Sewer    | Reached XP level 8. HP: 46/60 MP: 8/8
  4146 | D:5      | Entered Level 5 of the Dungeon
  4251 | D:4      | Reached skill level 9 in Long Blades
  4361 | D:4      | Reached skill level 5 in Fighting
  4361 | D:4      | Reached skill level 10 in Long Blades
  4515 | D:5      | Gained mutation: When seriously injured, your blood forms
                  | thick armour. (AC +9) [demonic ancestry]
  4515 | D:5      | Reached XP level 9. HP: 37/68 MP: 9/9
  4652 | D:5      | Found a sparkling altar of Nemelex Xobeh.
  4656 | D:5      | Became a worshipper of Nemelex Xobeh the Trickster
  4656 | D:5      | Reached * piety under Nemelex Xobeh
  4656 | D:5      | Received a gift from Nemelex Xobeh
  4656 | D:5      | Reached ** piety under Nemelex Xobeh
  4698 | D:5      | Received a gift from Nemelex Xobeh
  4744 | D:5      | Found a sacrificial altar of Ru.
  4939 | D:5      | Found a bloodstained altar of Trog.
  5088 | D:5      | Gained mutation: You are dopey. (Int -2) [potion of
                  | mutation]
  5179 | D:6      | Reached skill level 1 in Invocations
  5207 | D:6      | Received a gift from Nemelex Xobeh
  5342 | D:6      | Reached skill level 11 in Long Blades
  5923 | D:6      | Found a radiant altar of Vehumet.
  5978 | D:6      | Found a runed translucent gate.
  5978 | D:6      | Found a runed translucent gate.
  5978 | D:6      | Found a runed translucent gate.
  5978 | D:6      | Noticed avis's ghost (novice DgTm)
  5980 | D:6      | Found a basalt altar of Yredelemnul.
  6148 | D:6      | Identified the +1 robe of the Grape {Harm Regen+ Dex+2}
  6426 | D:7      | Identified a scroll of acquirement
  6426 | D:7      | Acquired a +2 heavy double sword
  6467 | D:7      | Received a gift from Nemelex Xobeh
  6471 | D:7      | Reached *** piety under Nemelex Xobeh
  6589 | D:7      | Reached skill level 1 in Armour
  6759 | D:7      | Found a flagged portal.
  6766 | Bailey   | Entered a bailey
  6837 | Bailey   | Reached XP level 10. HP: 76/76 MP: 12/12
  6838 | Bailey   | Identified the +8 plate armour of the Crypt {Rampage Str-4
                  | Stlth+}
  6880 | Bailey   | Reached skill level 12 in Long Blades
  6973 | Bailey   | Found a bloodstained altar of Trog.
  7375 | D:7      | Received a gift from Nemelex Xobeh
  7581 | D:7      | Found a runed translucent door.
  7649 | D:7      | Noticed pokeman's ghost (novice DEHW)
  7735 | D:8      | Noticed Psyche
  7741 | D:8      | Psyche changed into Psyche the bullfrog
  7741 | D:8      | Noticed Psyche
  7742 | D:8      | Killed Psyche the bullfrog
  7775 | D:8      | Found Kyuceyt's General Store.
  7927 | D:8      | Acquired a manual of Shields
  8474 | D:9      | Found a staircase to the Lair.
  8497 | D:9      | Found a burning altar of Makhleb.
  8544 | D:9      | Noticed an angel
  8545 | D:9      | Noticed a green death
  8593 | D:9      | Reached **** piety under Nemelex Xobeh
  8695 | D:9      | Reached skill level 5 in Invocations
  8904 | D:9      | Found Nizxisky's Distillery.
  9099 | D:9      | Received a gift from Nemelex Xobeh
  9170 | D:10     | Entered Level 10 of the Dungeon
  9258 | D:10     | Reached skill level 5 in Dodging
  9603 | D:10     | Noticed a two-headed ogre
  9605 | D:10     | Noticed a two-headed ogre
  9608 | D:10     | Killed a two-headed ogre
  9609 | D:10     | Reached skill level 13 in Long Blades
  9609 | D:10     | Reached XP level 11. HP: 84/84 MP: 15/15
  9613 | D:10     | Killed a two-headed ogre
  9700 | D:10     | Found a snail-covered altar of Cheibriados.
  9884 | D:10     | Received a gift from Nemelex Xobeh
 10108 | D:10     | Identified the +10 dagger "Vutaolad" {drain, Str+6}
 10439 | D:10     | Found a hazy altar of Hepliaklqana.
 10834 | D:11     | Noticed a boulder beetle
 10835 | D:11     | Received a gift from Nemelex Xobeh
 10854 | D:11     | Killed a boulder beetle
 10882 | D:11     | Noticed an orc knight
 10887 | D:11     | Found a staircase to the Orcish Mines.
 10889 | D:11     | Noticed an orc knight
 10889 | D:11     | Killed an orc knight
 10899 | D:11     | Killed an orc knight
 10905 | D:11     | Reached skill level 14 in Long Blades
 11274 | D:12     | Noticed a deep elf pyromancer
 11279 | D:12     | Killed a deep elf pyromancer
 11291 | D:12     | Noticed a white ugly thing
 11294 | D:12     | Reached XP level 12. HP: 84/94 MP: 18/18
 11420 | D:12     | Noticed a two-headed ogre
 11425 | D:12     | Killed a two-headed ogre
 11592 | D:12     | Noticed a two-headed ogre
 11595 | D:12     | Killed a two-headed ogre
 12005 | D:13     | Noticed a centaur warrior
 12204 | Lair:1   | Entered Level 1 of the Lair of Beasts
 12229 | Lair:1   | Reached ***** piety under Nemelex Xobeh
 12452 | Lair:1   | Received a gift from Nemelex Xobeh
 13155 | Lair:2   | Noticed a five-headed hydra
 13161 | Lair:2   | Killed an eight-headed hydra
 13226 | Lair:2   | Received a gift from Nemelex Xobeh
 13267 | Lair:2   | Found a staircase to the Snake Pit.
 13363 | Lair:2   | Reached skill level 15 in Long Blades
 13699 | Lair:2   | Received a gift from Nemelex Xobeh
 13700 | Lair:2   | Identified the +4 kite shield of Complete Protection {Will+
                  | rCorr}
 13769 | Lair:2   | Noticed a five-headed hydra
 13775 | Lair:2   | Killed a seven-headed hydra
 13776 | Lair:2   | Reached skill level 10 in Invocations
 13838 | Lair:2   | Gained mutation: You have a pair of horns on your head.
                  | [demonic ancestry]
 13838 | Lair:2   | Reached XP level 13. HP: 92/102 MP: 20/20
 13860 | Lair:2   | an eight-headed hydra changed into an ettin
 13860 | Lair:2   | Noticed an ettin
 13860 | Lair:2   | Mangled by an ettin

Illustrated notes

Levels and vault maps discovered:
D:1:      sevenhm_arrival_forest_fort_large_4, layout_rooms
D:2:      layout_basic, hellmonk_ecumenical_altar_inner_sanctum,
          minmay_curled_crystal
D:3:      layout_loops_ring, mainiacjoe_overflow_24_doors,
          nicolae_uskayaw_murder_on_the_dancefloor, minmay_misc_feat_room,
          uniq_sigmund
D:4:      layout_cave_pools, lemuel_crystal_altar,
          minmay_temple_entry_butterflies, portal_sewer_entry_e,
          roderic_serpentine_path, due_unseen_surprise, uniq_eustachio,
          uniq_grinder
D:5:      layout_rooms, mainiacjoe_overflow_small_starburst,
          mainiacjoe_overflow_catwalk, nemelex_diamond_rough_becter,
          minmay_misc_feat_plants
D:6:      layout_loops_ring, vehumet_statue, nicolae_yredelemnul_ghost_church
D:7:      layout_basic, enter_bailey_4, ebering_ghost_reflecting_pool
D:8:      layout_loops_cross, serial_shops, shop, uniq_psyche
D:9:      layout_loops_corners, grunt_temple_overflow_order_and_chaos_2,
          dpeg_oklobed_lair, serial_shops, nicolae_shop_trees
D:10:     layout_layer_cave, slow_altar_1,
          nicolae_hepliaklqana_monster_ancestors,
          nicolae_elevator_lobby_asterisk
D:11:     layout_cave_pools, david_orc_5, chequers_decorated_corner
D:12:     layout_basic
D:13:     layout_rooms, erik_vaults_1, nicolae_two_hexagons
Temple:   hellmonk_temple_beads
Lair:1:   wad_woods_minihive, layout_regular_city
Lair:2:   layout_cave_pods, palyth_hydra_swamp_entry,
          minmay_snake_entry_guardpost_small, roderic_carrion_pond

Skill      XL: |  1  2  3  4  5  6  7  8  9 10 11 12 |
---------------+-------------------------------------+-----
Long Blades    | 3 4 5 6 7 8 10 11 13 14 15 | 15.1
Fighting       | 4 5 6 7 8 9 |  9.7
Invocations    | 3 6 8 10 | 10.0
Dodging        | 3 5 7 8 |  8.9
Armour         | 1 |  1.4

Action                     |  1- 3 |  4- 6 |  7- 9 | 10-12 | 13-15 || total
---------------------------+-------+-------+-------+-------+-------++-------
  Melee: Falchion          |    92 |    62 |   201 |       |       ||   355
         Headbutt          |    12 |    12 |    69 |    55 |     1 ||   149
         Double sword      |       |       |    34 |   291 |     2 ||   327
 Invoke: Draw Summoning    |       |       |     1 |     4 |       ||     5
         Draw Escape       |       |       |     1 |       |     1 ||     2
         Draw Destruction  |       |       |       |     6 |     1 ||     7
  Evoke: Wand              |       |       |       |     2 |       ||     2
    Use: Scroll            |       |     7 |     5 |    17 |       ||    29
         Potion            |       |     2 |     2 |     2 |     1 ||     7
   Stab: Sleeping          |       |       |       |     1 |       ||     1
 Armour: Robe              |    17 |    41 |    33 |    54 |     5 ||   150
         Leather armour    |       |       |    27 |       |       ||    27
         Skin              |       |       |       |     1 |       ||     1
  Dodge: Dodged            |    65 |    46 |   119 |   260 |    13 ||   503
  Block: Kite shield       |       |       |       |     2 |    11 ||    13

Table legend: (Time is in decaauts)
 A = Elapsed time spent in this place.
 B = Non-inter-level travel time spent in this place.
 C = Inter-level travel time spent in this place.
 D = Time resting spent in this place.
 E = Time spent auto-exploring this place.
 F = Levels seen in this place.
 G = Mean time per level.
                   A        B        C        D        E       F      G
               +--------+--------+--------+--------+--------+-----+--------+
         Total |  14111 |  13319 |    792 |    293 |  10947 |  18 |  783.9 |
       Dungeon |  11090 |  10360 |    730 |    256 |   8624 |  13 |  853.1 |
        Temple |    180 |    131 |     49 |      0 |    120 |   1 |  180.0 |
          Lair |   1678 |   1666 |     12 |      0 |   1398 |   2 |  839.0 |
         Sewer |    876 |    876 |      0 |      0 |    697 |   1 |  876.0 |
        Bailey |    285 |    285 |      0 |     37 |    107 |   1 |  285.0 |
               +--------+--------+--------+--------+--------+-----+--------+

Top non-repeatable levels by time:
    D:10: 1440 daAuts
     D:6: 1439 daAuts
     D:4: 1094 daAuts
     D:2: 919 daAuts
    D:12: 880 daAuts
  Lair:1: 879 daAuts
   Sewer: 876 daAuts
     D:7: 856 daAuts
     D:9: 817 daAuts
     D:3: 807 daAuts
  Lair:2: 799 daAuts
     D:1: 779 daAuts
     D:8: 715 daAuts
    D:11: 715 daAuts
     D:5: 617 daAuts
